Map: Ulrena

Players

Kinder - Winner!

  • Race: Terran Terran
  • League: Master

Doug

  • Race: Protoss Protoss
  • League: Master

VOD

Have the link to the VOD?

Description

Time

  • Played on: Feb. 14, 2016, 4:16 p.m.
  • Length: 12:16
Show
View Real Time Build Order
Export as new Build Order

Kinder Terran - Winner!

Build Orders: Liberator Opening 

Get SALT Encoding   

  12  0:01  SCV  
  13  0:13  SCV  
  14  0:17  Supply Depot  
  14  0:25  SCV  
  15  0:33  Refinery  
  15  0:39  SCV  
  16  0:45  Barracks  
  16  0:51  SCV  
  17  1:03  SCV  
  18  1:09  Supply Depot  
  18  1:15  Refinery  
  18  1:21  SCV  
  19  1:32  Reaper  
  20  1:39  Orbital Command  
  20  1:51  Factory  
  20  2:05  SCV  
  21  2:10  Barracks Reactor  
  21  2:17  SCV  
  22  2:29  SCV  
  23  2:35  Factory Tech Lab  
  23  2:38  Starport  
  23  2:42  SCV  
  24  2:47  Marine x2  
  24  2:50  Supply Depot  
  26  2:54  Siege Tank  
  26  2:56  SCV  
  26  2:57  Liberator  
  30  3:06  Marine  
  30  3:12  SCV, Marine  
  36  3:24  SCV, Marine  
  36  3:25  Supply Depot  
  38  3:29  Marine  
  38  3:42  Engineering Bay  
  38  3:43  Liberator, Marine  
  38  3:46  Siege Tank  
  42  3:50  Marine  
  42  3:51  SCV  
  42  3:54  Supply Depot  
  47  4:09  Missile Turret  
  47  4:15  Marine  
  48  4:23  Siege Tank, Marine  
  52  4:33  Marine  
  52  4:41  Marine  
  52  4:44  Bunker  
  53  4:51  Marine  
  50  4:59  Missile Turret, Marine  
  50  5:08  Marine  
  51  5:16  Marine  
  51  5:19  Bunker  
  52  5:26  Marine  
  52  5:34  Marine  
  45  5:39  Missile Turret  
  45  5:43  Missile Turret  
  45  5:44  Marine  
  45  5:47  SCV  
  47  5:52  Marine  
  48  6:02  Barracks, Marine  
  48  6:10  Marine  
  49  6:20  Marine  
  49  6:21  Missile Turret  
  50  6:28  Marine  
  42  6:37  Liberator  
  42  6:38  Marine  
  39  6:45  Marine  
  43  6:47  Siege Tank  
  43  6:54  Barracks Reactor  
  43  6:55  Marine  
  47  7:02  Bunker  
  47  7:03  Marine  
  48  7:13  Marine  
  48  7:19  Siege Tank  
  48  7:21  Marine  
  50  7:31  Marine  
  50  7:34  Marine x2  
  53  7:49  Marine x2  
  55  7:59  Marine  
  55  8:03  Marine  
  54  8:06  SCV  
  54  8:09  Marine  
  54  8:12  Marine  
  55  8:33  Marine x4  
  55  8:34  Supply Depot, Siege Tank, SCV  
  63  8:38  Liberator  
  63  8:52  Bunker  
  63  8:55  Marine x4  
  70  9:13  Marine x3  
  68  9:22  Marine  
  62  9:26  Siege Tank  
  62  9:31  Marine x2  
  61  9:42  Marine x2  
  59  9:49  Marine  
  59  9:52  SCV, Marine  
  62  10:01  Marine x2  
  63  10:07  Siege Tank  
  63  10:11  Marine  
  67  10:19  Marine  
  67  10:20  Marine  
  68  10:27  Bunker  
  64  10:43  Marine x2  
  66  10:56  Marine  
  66  10:57  Marine  
  50  11:18  Marine x2  
  52  11:27  Marine  
  52  11:28  Marine  
  52  11:29  Siege Tank  
  57  11:37  Marine  
  55  11:47  Marine  
Show
View Real Time Build Order
Export as new Build Order

Doug Protoss 

Build Orders: 1 Gate Expand, Oracle Opening, Phoenix Opening 

Get SALT Encoding   

  12  0:01  Probe (Chrono Boost)  
  13  0:11  Probe (Chrono Boost)  
  14  0:19  Pylon  
  14  0:22  Probe (Chrono Boost)  
  15  0:37  Probe (Chrono Boost)  
  15  0:38  Gateway  
  16  0:44  Assimilator  
  16  0:48  Probe (Chrono Boost)  
  17  0:58  Probe (Chrono Boost)  
  18  1:09  Probe (Chrono Boost)  
  19  1:26  Nexus  
  19  1:35  Cybernetics Core  
  19  1:39  Probe (Chrono Boost)  
  20  1:47  Assimilator  
  20  1:50  Probe (Chrono Boost)  
  21  1:56  Pylon  
  21  2:01  Probe (Chrono Boost)  
  22  2:15  Mothership Core (Chrono Boost), Adept  
  23  2:16  Warp Gate  
  25  2:33  Probe (Chrono Boost)  
  26  2:42  Stargate  
  26  2:44  Probe (Chrono Boost)  
  27  2:49  Probe (Chrono Boost)  
  27  2:51  Stalker  
  30  2:54  Probe (Chrono Boost)  
  31  3:00  Probe (Chrono Boost)  
  31  3:02  Pylon  
  31  3:05  Probe (Chrono Boost)  
  33  3:11  Probe (Chrono Boost)  
  34  3:15  Probe (Chrono Boost)  
  35  3:21  Probe (Chrono Boost)  
  36  3:27  Oracle (Chrono Boost)  
  36  3:30  Probe  
  36  3:31  Probe  
  41  3:36  Pylon  
  41  3:37  Stalker  
  43  3:51  Gateway  
  43  3:56  Gateway  
  43  3:59  Phoenix (Chrono Boost)  
  45  4:08  Pylon  
  45  4:20  Phoenix (Chrono Boost)  
  47  4:28  Stalker  
  49  4:38  Pylon  
  49  4:42  Phoenix (Chrono Boost)  
  47  4:54  Stalker x2  
  47  4:56  Adept  
  47  4:59  Assimilator  
  53  5:06  Pylon  
  53  5:15  Phoenix (Chrono Boost)  
  55  5:35  Stalker x2  
  46  5:48  Stalker  
  45  5:53  Pylon  
  45  5:54  Pylon  
  45  6:08  Adept x2  
  49  6:15  Stalker  
  35  6:42  Stalker x3  
  39  6:49  Gateway  
  39  6:50  Gateway  
  39  6:51  Pylon  
  39  7:06  Adept x3  
  45  7:18  Phoenix (Chrono Boost)  
  47  7:30  Adept  
  47  7:31  Adept x2  
  53  7:50  Zealot x2  
  57  7:51  Zealot x2  
  57  7:52  Zealot  
  47  8:11  Adept x2  
  47  8:12  Adept x3  
  47  8:24  Void Ray (Chrono Boost)  
  51  8:35  Stalker  
  51  8:38  Stalker  
  55  8:50  Stalker  
  57  8:59  Stalker  
  55  9:24  Stalker x2  
  43  9:46  Stalker  
  43  9:50  Adept  
  45  10:00  Adept  
  47  10:25  Stalker x2  
  51  10:38  Pylon  
  51  10:45  Pylon  
  49  11:02  Sentry x3  
  14  11:24  Adept  
  16  11:41  Adept  
  12  12:07  Stalker  
Tags
 
Add a new tag
Caveats
  • Supply blocks, unpowered buildings, or Contaminate may cause inaccurate times.
  • Supply counts are checked every 10 seconds.